 Dungeon Crawl Stone Soup version 0.31-a0-675-g238779eb0a (webtiles) character file.

Game seed: 8643492513405982521

837 qw the Skirmisher (level 7, -6/44 HPs)
             Began as a Gargoyle Hunter on Sept 5, 2023.
             Mangled by a very large slime creature (25 damage)
             ... on level 5 of the Dungeon.
             The game lasted 00:01:19 (3178 turns).

qw the Skirmisher (Gargoyle Hunter)                 Turns: 3178, Time: 00:01:20

Health: -6/44      AC: 12    Str: 15    XL:     7   Next: 99%
Magic:  0/7        EV: 12    Int: 10    God:
Gold:   305        SH:  0    Dex: 18    Spells: 6/6 levels left

rFire   . . .        Y - +5 longbow (freeze)
rCold   . . .        (shield currently unavailable)
rNeg    + . .        c - +0 leather armour
rPois   inf          g - +0 helmet
rElec   +            d - +0 cloak
rCorr   .            b - +1 pair of gloves "Zeag" {Str-5 Dex+3}
SInv    .            (no boots)
Will    .....        h - amulet of guardian spirit
Stlth   ++           m - +6 ring of strength
HPRegen 0.27/turn    (no ring)
MPRegen 0.10/turn

%: guardian spirit
@: no status effects
A: sickness immunity, AC +4, negative energy resistance 1, electricity
resistance, torment resistance 1, petrification resistance
a: no special abilities


You were on level 5 of the Dungeon.
You visited 2 branches of the dungeon, and saw 6 of its levels.

You collected 305 gold pieces.


Innate Abilities, Weirdness & Mutations

You are immune to sickness and miasma.
Your stone body is resilient. (AC +4)
You are immune to poison.
You resist negative energy. (rN+)
You are resistant to electric shocks. (rElec)
You are resistant to unholy torment.
You are immune to petrification.


   Skills:
 + Level 4.9 Fighting
 - Level 8.1 Ranged Weapons
 - Level 1.0 Armour
 - Level 2.7 Dodging
 - Level 1.1 Stealth


You had 6 spell levels left.
You didn't know any spells.
Your spell library was empty.

Inventory:

Hand Weapons
 Y - a +5 longbow of freezing (weapon)
Armour
 b - the +1 pair of gloves "Zeag" (worn) {Str-5 Dex+3}
   (You acquired it on level 3 of the Dungeon)

   Str-5:     It affects your strength (-5).
   Dex+3:     It affects your dexterity (+3).
 c - a +0 leather armour (worn)
 d - a +0 cloak (worn)
 g - a +0 helmet (worn)
Jewellery
 h - an amulet of guardian spirit (around neck)
 m - a +6 ring of strength (left hand)
Scrolls
 a - a scroll of identify
 l - a scroll of teleportation
Potions
 e - a potion of brilliance {unknown}
 f - a potion of might
 i - a potion of enlightenment {unknown}
 j - a potion of heal wounds {unknown}
 k - a potion of mutation {unknown}

Dungeon Overview and Level Annotations

Branches:
Dungeon (5/15)             Temple (1/1) D:4

Altars:
Ashenzari
Cheibriados
Dithmenos
Fedhas
Gozag
Kikubaaqudgha
Nemelex Xobeh
Ru
Trog
Uskayaw
Vehumet
Xom
Zin
The Shining One


Message History

There is an open door here.
3171 |||
Found retreat position at -1,-1 (floor) with 0 blocking monsters and 1 monsters attacking at destination at distance 1 x2
3171 ||| RETREATING.
The jelly quivers.
A nearby fungus withers and dies.
There is an open door here.
3173 |||
Found retreat position at -1,-1 (floor) with 0 blocking monsters and 1 monsters attacking at destination at distance 1
Enter note:
3173 ||| Stepping ~*~*~tactically~*~*~ (retreating).
You shoot an arrow.
The arrow hits the large slime creature!!
The arrow freezes the large slime creature.
The large slime creature is lightly wounded.
Two slime creatures merge to form a very large slime creature.
You shoot an arrow.
The arrow hits the very large slime creature!
The arrow freezes the very large slime creature.
The very large slime creature is moderately wounded.
The very large slime creature hits you.
You shoot an arrow.
The arrow hits the very large slime creature!
The arrow freezes the very large slime creature.
The very large slime creature is moderately wounded.
Something hits the toadstool.
The toadstool is splashed with acid.
The acid corrodes the toadstool!
The toadstool is destroyed!
The very large slime creature hits you!
The very large slime creature hits you!!
You shoot an arrow.
The arrow hits the very large slime creature!!
The arrow freezes the very large slime creature.
The very large slime creature is heavily wounded.
The very large slime creature hits you but does no damage.
You shoot an arrow.
The arrow hits the very large slime creature!!
The arrow freezes the very large slime creature.
The very large slime creature is heavily wounded.
The very large slime creature hits you!!
Ouch! That really hurt!
You die...

##.....##
#.......#
#.......#
#.......#
#..(..).#
####...)#
##..'....#
#.########
##...).@##
#######J#
.P...%.J.#
.P.......#
%P%P...P.#
%J..JPJP.#
.P.P..%P.#
)P.P.P.P.#
##########


You could see a very large slime creature and a jelly.

Vanquished Creatures
  A black bear (D:5)
  2 ogres (D:4)
  A phantom (D:4)
  A kobold brigand (D:5)
  3 orc priests
  3 jellies (D:5)
  A sleepcap (D:4)
  2 iguanas
  An orc wizard (D:4)
  Robin (D:4)
  A gnoll (D:1)
  3 adders
  An ufetubus (D:5)
  A worm (D:2)
  A dart slug (D:1)
  6 orcs
  8 endoplasms
  3 giant cockroaches
  12 goblins
  6 hobgoblins
  4 jackals (D:1)
  4 quokkas
  14 ball pythons
  3 bats
  3 frilled lizards
  16 kobolds
  7 rats
109 creatures vanquished.

Notes
Turn   | Place    | Note
-------+----------+-------------------------------------------
     0 | D:1      | qw the Gargoyle Hunter began the quest for the Orb.
     0 | D:1      | Reached XP level 1. HP: 12/12 MP: 1/1
     0 | D:1      | 0 ||| qw: Version: 0.3-a-75-g829b12e
     0 | D:1      | 0 ||| qw: Game counter: 63
     0 | D:1      | 0 ||| qw: Melee chars always use a shield: true
     0 | D:1      | 0 ||| qw: God list: Okawaru
     0 | D:1      | 0 ||| qw: Allow faded altars: false
     0 | D:1      | 0 ||| qw: Do Orc after clearing Dungeon:15 true
     0 | D:1      | 0 ||| qw: Do second Lair branch before Depths: true
     0 | D:1      | 0 ||| qw: Lair rune preference: random
     0 | D:1      | 0 ||| qw: Goals: Normal
     0 | D:1      | 0 ||| PLANNING D:1-11
    87 | D:1      | Reached XP level 2. HP: 17/17 MP: 2/2
   385 | D:1      | Reached XP level 3. HP: 20/21 MP: 3/3
   423 | D:1      | Reached skill level 5 in Ranged Weapons
   683 | D:1      | 683 ||| READING 2 scrolls labelled PEINUDGH CADATA.
   684 | D:1      | 684 ||| READING scroll labelled UNIPEO GUJOU.
   685 | D:1      | 685 ||| DROPPING scroll of butterflies.
   811 | D:2      | Found a broken altar of Ashenzari.
   926 | D:2      | 926 ||| FLEEEEING.
  1028 | D:2      | HP: 5/22 [worm (2)]
  1031 | D:2      | Reached skill level 3 in Fighting
  1330 | D:2      | Reached XP level 4. HP: 27/28 MP: 4/4
  1366 | D:2      | You fall into a shaft and drop 1 floor!
  1570 | D:3      | Reached skill level 6 in Ranged Weapons
  1570 | D:3      | Reached XP level 5. HP: 32/32 MP: 5/5
  1785 | D:3      | 1785 ||| UPGRADING to +0 cloak.
  1790 | D:3      | 1790 ||| READING 2 scrolls labelled NEMEAGINGUA.
  1790 | D:3      | Identified 2 scrolls of acquirement
  1790 | D:3      | 1790 ||| ACQUIRING +0 pair of gloves of infusion
  1790 | D:3      | Acquired a +0 pair of gloves of infusion
  1792 | D:3      | 1792 ||| UPGRADING to +0 pair of gloves of infusion.
  1797 | D:3      | 1797 ||| READING scroll of acquirement.
  1797 | D:3      | 1797 ||| ACQUIRING +1 pair of gloves "Zeag" {Str-5 Dex+3}
  1797 | D:3      | Acquired the +1 pair of gloves "Zeag" {Str-5 Dex+3}
  1799 | D:3      | 1799 ||| UPGRADING to +1 pair of gloves "Zeag" {Str-5
                  | Dex+3}.
  1809 | D:3      | 1809 ||| DROPPING +0 pair of gloves of infusion.
  1810 | D:3      | 1810 ||| READING scroll labelled FUIRGHIH ETZOMU.
  1811 | D:3      | 1811 ||| READING scroll labelled ZOEHEO HYPEN.
  1912 | D:3      | 1912 ||| DRINKING 2 sapphire potions.
  1913 | D:3      | 1913 ||| READING 3 scrolls of identify.
  1913 | D:3      | 1913 ||| IDENTIFYING emerald potion
  1914 | D:3      | 1914 ||| READING 2 scrolls of identify.
  1914 | D:3      | 1914 ||| IDENTIFYING bubbling ruby potion
  1915 | D:3      | 1915 ||| DROPPING potion of ambrosia.
  2060 | D:2      | 2060 ||| READING scroll of acquirement.
  2060 | D:2      | 2060 ||| ACQUIRING +4 longbow of freezing
  2060 | D:2      | Acquired a +4 longbow of freezing
  2062 | D:2      | 2062 ||| SWAPPING to +4 longbow of freezing.
  2063 | D:2      | 2063 ||| DROPPING +0 shortbow.
  2092 | D:2      | 2092 ||| READING scroll labelled KEUNIA LIELENI.
  2269 | D:3      | Reached skill level 1 in Armour
  2392 | D:3      | 2392 ||| UPGRADING to amulet of guardian spirit.
  2397 | D:3      | 2397 ||| READING scroll labelled BABYHODONK.
  2451 | D:4      | Reached XP level 6. HP: 38/38 MP: 6/6
  2451 | D:4      | 2451 ||| DRINKING potion of curing.
  2451 | D:4      | 2451 ||| (to cure confusion)
  2540 | D:4      | Reached skill level 7 in Ranged Weapons
  2553 | D:4      | Noticed Robin
  2562 | D:4      | Killed Robin
  2671 | D:4      | Reached XP level 7. HP: 43/43 MP: 7/7
  2799 | D:4      | Found a staircase to the Ecumenical Temple.
  2800 | D:4      | 2800 ||| PLANNING TEMPLE
  2800 | D:4      | 2800 ||| UPGRADING to +0 helmet.
  2805 | D:4      | 2805 ||| UPGRADING to +6 ring of strength.
  2806 | D:4      | 2806 ||| READING 2 scrolls labelled IDECLEAXTU.
  2811 | D:4      | 2811 ||| READING scroll labelled IHAYFF ITZEIR.
  2812 | D:4      | 2812 ||| READING 2 scrolls of identify.
  2812 | D:4      | 2812 ||| IDENTIFYING murky pink potion
  2813 | D:4      | 2813 ||| DROPPING potion of degeneration.
  2834 | D:4      | Identified the +5 sling "Caaxaed" {flame, rF++}
  2896 | Temple   | Entered the Ecumenical Temple
  2897 | Temple   | 2897 ||| PLANNING D:1-11
  3028 | D:5      | Entered Level 5 of the Dungeon
  3120 | D:5      | 3120 ||| Stepping ~*~*~tactically~*~*~ (outnumbered).
  3121 | D:5      | 3121 ||| Stepping ~*~*~tactically~*~*~ (outnumbered).
  3122 | D:5      | 3122 ||| Stepping ~*~*~tactically~*~*~ (outnumbered).
  3123 | D:5      | 3123 ||| Stepping ~*~*~tactically~*~*~ (outnumbered).
  3156 | D:5      | Reached skill level 8 in Ranged Weapons
  3167 | D:5      | Noticed a slime creature
  3167 | D:5      | Noticed a slime creature
  3167 | D:5      | Noticed a slime creature
  3167 | D:5      | Found the +8 whip "Snakebite" {venom, curare, rPois}
  3168 | D:5      | 3168 ||| Stepping ~*~*~tactically~*~*~ (retreating).
  3171 | D:5      | 3171 ||| RETREATING.
  3173 | D:5      | 3173 ||| Stepping ~*~*~tactically~*~*~ (retreating).
  3178 | D:5      | Mangled by a very large slime creature

Levels and vault maps discovered:
D:1:      dpeg_arrival_solitude, layout_basic, serial_corexii_hall,
          corexii_hall_statues_s, chequers_hall_statues_y,
          corexii_hall_statues_t, chequers_hall_statues_wall_a
D:2:      layout_loops_ring, basic_altar
D:3:      layout_basic, serial_glass, glass_columns_b, glass_columns_a
D:4:      layout_gridville, minmay_temple_entry_glassed_door, uniq_robin
D:5:      cheibrodos_fertilizer, layout_loops_corners, corexii_checkpoint_a,
          uniq_eustachio, uniq_edmund
Temple:   hellmonk_temple_forest_ring

Skill      XL: |  1  2  3  4  5  6  7 |
---------------+----------------------+-----
Ranged Weapons | 5 6 7 8 |  8.1
Fighting       | 3 4 |  4.9
Armour         | 1 |  1.0
Dodging        | 2 |  2.7
Stealth        | |  1.1

Action                     |  1- 3 |  4- 6 |  7- 9 || total
---------------------------+-------+-------+-------++-------
   Fire: Shortbow          |   126 |    62 |       ||   188
         Longbow           |       |    60 |    50 ||   110
    Use: Scroll            |     2 |     9 |     3 ||    14
         Potion            |       |     2 |       ||     2
 Armour: Leather armour    |    42 |    51 |    24 ||   117
  Dodge: Dodged            |    42 |    43 |    10 ||    95

Table legend:
 A = Non-vault XP
 B = Vault XP
 C = Vault XP percentage of total XP
 D = Non-vault monster count
 E = Vault monster count
 F = Vault count percentage of total count
                 A         B        C        D         E       F
            +---------+---------+-------+---------+---------+-------
      Total |     927 |     269 |  22.5 |      84 |      25 |  22.9
            +---------+---------+-------+---------+---------+-------
        D:1 |      58 |       0 |   0.0 |      29 |       0 |   0.0
        D:2 |      29 |       0 |   0.0 |      15 |       0 |   0.0
        D:3 |     134 |       0 |   0.0 |      17 |       0 |   0.0
        D:4 |     572 |      38 |   6.2 |      21 |      12 |  36.4
        D:5 |     134 |     231 |  63.3 |       2 |      13 |  86.7
            +---------+---------+-------+---------+---------+-------
